 Dungeon Crawl Stone Soup version 0.21.0-3-g78d12a8 (webtiles) character file.

30661 asthiss the Fencer (level 13, -2/119 HPs)
             Began as a Minotaur Fighter on Jan 10, 2018.
             Was an Elder of Trog.
             Slain by a five-headed hydra (6 damage)
             ... on level 4 of the Lair of Beasts.
             The game lasted 01:25:39 (13835 turns).

asthiss the Fencer (Minotaur Fighter)              Turns: 13835, Time: 01:25:40

Health: -2/119     AC: 21    Str: 24      XL:     13   Next: 21%
Magic:  12/12      EV: 10    Int:  4 (5)  God:    Trog [****..]
Gold:   748        SH:  0    Dex: 12      Spells: 12/12 levels left

rFire    . . .     SeeInvis +   A - +4 great sword (protect)
rCold    . . .     Gourm    .   (shield currently unavailable)
rNeg     . . .     Faith    .   F - +2 scale mail {MR+}
rPois    +         Spirit   .   D - +1 hat {MR+}
rElec    .         Reflect  .   g - +2 cloak {MR+}
rCorr    .         Harm     .   (no gloves)
MR       +++..                  e - +2 pair of boots
Stlth    ..........             j - amulet of rage
HPRegen  0.29/turn              k - ring of poison resistance
MPRegen  0.13/turn              n - ring of see invisible

@: lethally poisoned (-2 -> -2), berserk cooldown, slowed, very slow
A: retaliatory headbutt, horns 2, talons 1, yellow scales 1, deterioration 1
a: Berserk, Trog's Hand, Brothers in Arms, Burn Spellbooks, Renounce Religion,
Evoke Berserk Rage


You were on level 4 of the Lair of Beasts.
You worshipped Trog.
Trog was greatly pleased with you.
You were not hungry.

You visited 4 branches of the dungeon, and saw 17 of its levels.

You collected 748 gold pieces.

Inventory:

Hand Weapons
 y - a +4 scimitar of draining
 A - a +4 great sword of protection (weapon)
Armour
 c - a +0 shield
 e - a +2 pair of boots (worn)
 g - a +2 cloak of magic resistance (worn)
 i - a +0 chain mail
 D - a +1 hat of magic resistance (worn)
 F - a +2 scale mail of magic resistance (worn)
Jewellery
 d - a +5 ring of dexterity
 j - an amulet of rage (around neck)
 k - a ring of poison resistance (left hand)
 m - an uncursed ring of ice
 n - a ring of see invisible (right hand)
 B - an uncursed ring of positive energy
 C - an uncursed ring of magical power
 I - a +3 ring of evasion
 K - a cursed ring of loudness
Wands
 a - a wand of iceblast (10)
 q - a wand of flame (20)
 v - a wand of scattershot (7)
 w - a wand of polymorph (18)
 H - a wand of digging (10)
 J - a wand of acid (7)
 L - a wand of clouds (4)
Scrolls
 h - a scroll of identify
 l - a scroll of fear
 o - 6 scrolls of remove curse
 s - a scroll of magic mapping
 t - 5 scrolls of teleportation
 E - 2 scrolls of fog
Potions
 b - a potion of agility
 p - 2 potions of curing
 r - 2 potions of resistance
 u - a potion of flight
 x - a potion of magic
 z - a potion of haste
Comestibles
 f - 18 rations


   Skills:
 + Level 12.5 Fighting
 * Level 15.3 Long Blades
 + Level 10.2 Throwing
 + Level 12.4 Armour
 - Level 7.6 Shields


You had 12 spell levels left.
You didn't know any spells.

Dungeon Overview and Level Annotations

Branches:
Dungeon (10/15)            Temple (1/1) D:6            Lair (5/6) D:10
 Shoals (0/4) Lair:3        Snake (1/4) Lair:4          Orc (0/2) D:10
  Slime: Lair:5-6

Altars:
Ashenzari
Cheibriados
Dithmenos
Elyvilon
Fedhas
Gozag
Hepliaklqana
Kikubaaqudgha
Makhleb
Nemelex Xobeh
Okawaru
Qazlal
Ru
Trog
Uskayaw
Vehumet
Wu Jian
Xom
Yredelemnul
Zin
The Shining One

Annotations:
Lair:4 exclusion: 2 oklob plants


Innate Abilities, Weirdness & Mutations

You reflexively headbutt those who attack you in melee.
You have a pair of horns on your head.
You have sharp toenails.
You are partially covered in yellow scales. (AC +2)
Your body sometimes deteriorates upon taking damage.


Message History

The five-headed hydra barely misses you.
The five-headed hydra bites you but does no damage.
The five-headed hydra bites you!
* * * LOW HITPOINT WARNING * * *
The five-headed hydra bites you but does no damage.
The five-headed hydra completely misses you. x2
The five-headed hydra bites you but does no damage.
The five-headed hydra barely misses you.
You climb upwards.
Level annotation: exclusion: 2 oklob plants You feel sick.
There is a stone staircase leading down here.
Okay, then.
You're still recovering from your berserk rage.
Your ogre goes berserk!
You feel quite a bit more hungry. The five-headed hydra bites you.
* * * LOW HITPOINT WARNING * * *
The five-headed hydra bites you but does no damage.
The five-headed hydra bites you.
You die...

####.# #....###.....##.......####
#....###...##.......###....).##..
##.......###.....................
#........#............#...###..#
###...###....##....#...########..
#.....###...###.8.##....###......
##.....##...###...#..#...#.......
###.......###...D(#.#...........
##...#<.8# #.O@..#.#8.>#......#
#........# #..................#
##...##..####...#.##..##.....##
######...###.8.###...##.....#
##...#....##....##.PPP##
#.............#.#.######
###.........#..##.####.#
###.......#.##...##...#
#...#....#.#..PP......#


You could see a five-headed hydra and a friendly ogre (berserk).

Vanquished Creatures
  Gastronok (Lair:1)
  The ghost of mtoz the Cleaver, a journeyman MiBe of Trog (Lair:2)
  3 hydras
  Harold (Lair:1)
  Erica (D:9)
  A catoblepas (Lair:4)
  3 two-headed ogres
  An unseen horror (D:10)
  2 elephants (Lair:5)
  A manticore (D:8)
  10 spiny frogs
  2 komodo dragons
  2 rime drakes
  2 trolls
  A hornet (D:8)
  5 dream sheep (Lair:4)
  6 hippogriffs
  4 blink frogs
  A vampire (D:10)
  20 yaks
  3 basilisks
  A wyvern (Lair:3)
  A hungry ghost (D:10)
  A steam dragon (Lair:4)
  The ghost of Brandom the Firebug, an amateur HuFE of Cheibriados (D:3)
  3 nagas (Lair:4)
  5 water moccasins
  2 soldier ants (D:8)
  The ghost of Nico3ck the Conjurer, an amateur GrWz of Okawaru (D:4)
  2 hell hounds (D:10)
  12 porcupines
  A sky beast (D:4)
  2 orc warriors (D:9)
  A black bear (Lair:3)
  7 ogres
  2 phantoms
  6 centaurs
  5 wolves
  6 crocodiles
  2 big kobolds
  28 bullfrogs
  2 scorpions
  4 wights (D:8)
  3 killer bees (D:9)
  2 howler monkeys
  5 crimson imps
  2 centaur zombies
  3 bullfrog zombies
  3 jellies
  2 orc priests (D:7)
  Crazy Yiuf (D:3)
  6 hounds
  2 bullfrog skeletons
  Ijyb (D:3)
  2 iguanas (D:6)
  6 orc wizards
  Natasha (thrice) (D:3)
  2 hell rats (Lair:5)
  13 worker ants
  A hound zombie (D:5)
  A hound skeleton (D:8)
  A howler monkey zombie (D:5)
  A worker ant zombie (D:8)
  4 gnolls
  13 adders
  4 river rats (Lair:2)
  4 shadow imps
  3 adder skeletons
  5 worms
  2 dart slugs (D:3)
  3 leopard geckos
  34 orcs
  A ball python (D:3)
  2 giant cockroaches
  10 hobgoblins
  15 jackals
  2 quokkas
  7 bats
  3 frilled lizards
  11 goblins
  A jackal zombie (D:7)
  17 kobolds
  2 leopard gecko zombies
  3 quokka zombies
  6 rats
378 creatures vanquished.

Vanquished Creatures (collateral kills)
  2 elephants (Lair:5)
  A spiny frog (Lair:2)
  2 yaks
  5 hell rats (Lair:5)
10 creatures vanquished.

Vanquished Creatures (others)
  5 fungi
  8 plants
13 creatures vanquished.

Grand Total: 401 creatures vanquished

Notes
Turn   | Place    | Note
-------+----------+-------------------------------------------
     0 | D:1      | asthiss the Minotaur Fighter began the quest for the Orb.
     0 | D:1      | Reached XP level 1. HP: 19/19 MP: 0/0
    70 | D:1      | Reached XP level 2. HP: 27/27 MP: 1/1
   333 | D:1      | Reached skill level 1 in Throwing
   344 | D:1      | Reached XP level 3. HP: 33/33 MP: 2/2
   571 | D:2      | Reached skill level 3 in Long Blades
   766 | D:2      | You fall through a shaft!
   792 | D:3      | Reached XP level 4. HP: 40/40 MP: 3/3
   869 | D:3      | Noticed Natasha
   875 | D:3      | Killed Natasha
  1026 | D:3      | Found an iron altar of Okawaru.
  1026 | D:3      | Found a bloodstained altar of Trog.
  1040 | D:3      | Became a worshipper of Trog the Wrathful
  1080 | D:3      | Reached XP level 5. HP: 46/47 MP: 4/4
  1089 | D:3      | Noticed Brandom's ghost (amateur HuFE)
  1107 | D:3      | Killed Brandom's ghost
  1107 | D:3      | Reached skill level 4 in Long Blades
  1107 | D:3      | Reached XP level 6. HP: 40/55 MP: 5/5
  1255 | D:3      | Reached skill level 5 in Fighting
  1280 | D:3      | Noticed Ijyb
  1288 | D:3      | Killed Ijyb
  1354 | D:3      | Noticed Natasha
  1363 | D:3      | Killed Natasha
  1533 | D:3      | Noticed Natasha
  1538 | D:3      | Killed Natasha
  1538 | D:3      | Reached skill level 5 in Armour
  1538 | D:3      | Reached skill level 5 in Shields
  1726 | D:3      | Found a runed door.
  1730 | D:3      | Noticed Crazy Yiuf
  1737 | D:3      | Killed Crazy Yiuf
  1741 | D:3      | Gained mutation: You are partially covered in yellow scales. (AC +2) [potion of mutation]
  1741 | D:3      | Gained mutation: Your body sometimes deteriorates upon taking damage. [potion of mutation]
  1741 | D:3      | Gained mutation: You have sharp toenails. [potion of mutation]
  1858 | D:4      | Noticed a sky beast
  1867 | D:4      | Killed a sky beast
  1913 | D:4      | Noticed Nico3ck's ghost (amateur GrWz)
  1924 | D:4      | Reached XP level 7. HP: 52/61 MP: 6/6
  1925 | D:4      | Reached * piety under Trog
  1970 | D:4      | Killed Nico3ck's ghost
  1970 | D:4      | Reached skill level 5 in Long Blades
  2594 | D:5      | Entered Level 5 of the Dungeon
  2611 | D:5      | Reached XP level 8. HP: 56/70 MP: 7/7
  2758 | D:5      | Found a stormy altar of Qazlal.
  2760 | D:5      | Noticed an air elemental
  2917 | D:5      | Found a white marble altar of Elyvilon.
  3185 | D:5      | Reached ** piety under Trog
  3194 | D:5      | Reached skill level 6 in Long Blades
  3322 | D:5      | Found a sparkling altar of Nemelex Xobeh.
  3325 | D:5      | Found a hide-covered altar of Uskayaw.
  3333 | D:5      | Found a shadowy altar of Dithmenos.
  3567 | D:6      | Found a staircase to the Ecumenical Temple.
  3643 | Temple   | Entered the Ecumenical Temple
  4132 | D:6      | Found a shimmering altar of Xom.
  4391 | D:7      | Reached skill level 5 in Throwing
  4398 | D:7      | Reached XP level 9. HP: 79/79 MP: 8/8
  4572 | D:7      | Reached *** piety under Trog
  4899 | D:7      | Reached skill level 7 in Long Blades
  5326 | D:8      | Found an ornate altar of the Wu Jian Council.
  5326 | D:8      | Found an opulent altar of Gozag.
  5497 | D:8      | Reached skill level 8 in Long Blades
  5541 | D:8      | Noticed a manticore
  5755 | D:8      | Killed a manticore
  6084 | D:8      | Reached skill level 9 in Long Blades
  6084 | D:8      | Reached XP level 10. HP: 80/90 MP: 9/9
  6392 | D:9      | Reached **** piety under Trog
  6750 | D:9      | Noticed a two-headed ogre
  6758 | D:9      | Killed a two-headed ogre
  6759 | D:9      | Found a flagged portal.
  6803 | D:9      | Noticed a two-headed ogre
  6817 | D:9      | Killed a two-headed ogre
  6817 | D:9      | Reached skill level 10 in Long Blades
  6841 | D:9      | Noticed Erica
  6859 | D:9      | Killed Erica
  7312 | D:10     | Entered Level 10 of the Dungeon
  7312 | D:10     | Found a staircase to the Lair.
  7415 | D:10     | Reached skill level 11 in Long Blades
  7453 | D:10     | Noticed a two-headed ogre
  7460 | D:10     | Killed a two-headed ogre
  7460 | D:10     | Reached XP level 11. HP: 49/99 MP: 10/10
  7510 | D:10     | Noticed an unseen horror
  7517 | D:10     | Reached skill level 10 in Fighting
  7525 | D:10     | Killed an unseen horror
  7525 | D:10     | Reached skill level 10 in Armour
  8072 | D:10     | Found a staircase to the Orcish Mines.
  8179 | D:10     | Reached ***** piety under Trog
  8253 | Lair:1   | Entered Level 1 of the Lair of Beasts
  8403 | Lair:1   | Noticed Harold
  8424 | Lair:1   | Reached skill level 12 in Long Blades
  8442 | Lair:1   | Killed Harold
  8625 | Lair:1   | Noticed Gastronok
  8645 | Lair:1   | Killed Gastronok
  8751 | Lair:1   | Noticed a five-headed hydra
  8767 | Lair:1   | Killed an eight-headed hydra
  9311 | Lair:1   | Reached skill level 13 in Long Blades
  9614 | Lair:2   | Reached XP level 12. HP: 108/110 MP: 11/11
  9794 | Lair:2   | Noticed mtoz's ghost (journeyman MiBe)
  9811 | Lair:2   | Killed mtoz's ghost
  9980 | Lair:2   | Received a gift from Trog
 10141 | Lair:2   | Found a dark tunnel.
 10818 | Lair:3   | Found a staircase to the Shoals.
 11104 | Lair:3   | Reached skill level 14 in Long Blades
 11511 | Lair:4   | Noticed a catoblepas
 11540 | Lair:4   | Killed a catoblepas
 11541 | Lair:4   | Found a staircase to the Snake Pit.
 11542 | Lair:4   | Noticed a seven-headed hydra
 11828 | Lair:4   | Noticed an eight-headed hydra
 12161 | Lair:3   | HP: 12/168 [13-headed hydra (5)]
 12162 | Lair:3   | Killed a 13-headed hydra
 12796 | Lair:4   | HP: 14/168 [14-headed hydra (10)]
 12797 | Lair:4   | Killed a 15-headed hydra
 12797 | Lair:4   | Reached XP level 13. HP: 15/118 MP: 12/12
 13226 | Lair:4   | Reached skill level 10 in Throwing
 13239 | Lair:4   | Reached skill level 15 in Long Blades
 13588 | Snake:1  | Entered Level 1 of the Snake Pit
 13804 | Lair:5   | Received a gift from Trog
 13833 | Lair:5   | HP: 9/119 [five-headed hydra (8)]
 13835 | Lair:4   | HP: 4/119 [five-headed hydra (5)]
 13835 | Lair:4   | Slain by a five-headed hydra

Skill      XL: |  1  2  3  4  5  6  7  8  9 10 11 12 13 |
---------------+----------------------------------------+-----
Throwing       | 1 2 3 5 6 7 8 9 10 | 10.2
Fighting       | 4 5 6 7 8 9 11 12 | 12.5
Shields        | 4 5 6 7 |  7.6
Long Blades    | 3 4 5 6 9 11 13 14 15 | 15.3
Armour         | 4 5 6 7 8 9 11 12 | 12.4

Action                   |  1- 3 |  4- 6 |  7- 9 | 10-12 | 13-15 || total
-------------------------+-------+-------+-------+-------+-------++-------
Melee: Long sword        |    26 |   123 |   382 |    79 |       ||   610
       Headbutt          |     8 |    17 |    74 |   104 |    17 ||   220
       Short sword       |    47 |    28 |       |       |       ||    75
       Scimitar          |       |       |       |   256 |       ||   256
       Great sword       |       |       |       |   131 |    64 ||   195
Throw: Tomahawk          |       |       |   108 |   132 |       ||   240
Invok: Burn Spellbooks   |       |       |     1 |       |       ||     1
       Brothers in Arms  |       |       |       |     4 |     3 ||     7
       Berserk           |       |       |       |     2 |     2 ||     4
  Use: Scroll            |     5 |     2 |     7 |    18 |       ||    32
       Potion            |     4 |     2 |     4 |    14 |       ||    24
 Stab: Petrified         |       |       |       |     3 |       ||     3
       Distracted        |       |       |       |     1 |       ||     1
       Petrifying        |       |       |       |     1 |       ||     1
  Eat: Chunk             |       |     3 |     1 |     5 |       ||     9
       Ration            |       |     1 |     3 |     7 |     1 ||    12
Armor: Scale mail        |    32 |    63 |    26 |   269 |    50 ||   440
       Chain mail        |       |       |   171 |   104 |       ||   275
       Skin              |       |       |       |     2 |       ||     2
Dodge: Dodged            |    24 |    34 |    76 |   209 |    46 ||   389
Block: Shield            |    31 |    77 |   224 |   157 |       ||   489
       Rpst.: Long sword |     2 |     6 |    24 |     6 |       ||    38
       Scimitar          |       |       |       |    27 |       ||    27
       Great sword       |       |       |       |    16 |     5 ||    21
